 Dungeon Crawl Stone Soup version 0.28-a0-1184-g53156a8862 (webtiles) character file.

Game seed: 8246488782349269943

252 lonewolfV2 the Cudgeller (level 5, -1/46 HPs)
             Began as a Draconian Fighter on Dec 17, 2021.
             Slain by an ogre (9 damage)
             ... on level 4 of the Dungeon.
             The game lasted 00:04:49 (3489 turns).

lonewolfV2 the Cudgeller (Draconian Fighter)        Turns: 3489, Time: 00:04:49

Health: -1/46      AC:  9    Str: 20    XL:     5   Next: 89%
Magic:  1/1        EV: 12    Int:  8    God:
Gold:   196        SH:  0    Dex: 11    Spells: 4/4 levels left

rFire   . . .      SeeInvis .   i - +2 lajatang (antimagic)
rCold   . . .      Faith    .   (shield currently unavailable)
rNeg    . . .      Spirit   .   (armour unavailable)
rPois   .          Reflect  .   (helmet restricted)
rElec   .          Harm     .   (no cloak)
rCorr   .          Rampage  .   (no gloves)
Will    +....                   (no boots)
Stlth   ++........              (no amulet)
HPRegen 0.15/turn               e - +4 ring of protection
MPRegen 0.07/turn               j - ring of willpower

@: no status effects
A: AC +5, unfitting armour, cold-blooded
a: no special abilities


You were on level 4 of the Dungeon.
You visited 1 branch of the dungeon, and saw 4 of its levels.

You collected 196 gold pieces.

Inventory:

Hand Weapons
 a - a +0 flail
 i - a +2 antimagic lajatang (weapon)
Armour
 b - a +0 buckler
 l - the +3 ring mail of the Fiddle {Dex+4}
   (You found it on level 4 of the Dungeon)

   Dex:       It affects your dexterity (+4).
Jewellery
 e - a +4 ring of protection (left hand)
 g - a ring of protection from fire
 j - a ring of willpower (right hand)
 k - a ring of resist corrosion
Wands
 h - a wand of acid (7) (quivered)
Potions
 c - a potion of might
 d - a potion of lignification {unknown}
 f - 3 potions of brilliance


   Skills:
 + Level 4.1 Fighting
 + Level 4.3 Maces & Flails
 + Level 3.4 Dodging
 + Level 1.5 Stealth
 + Level 3.6 Shields


You had 4 spell levels left.
You didn't know any spells.
Your spell library was empty.

Dungeon Overview and Level Annotations

Branches:
Dungeon (4/15)
 Temple: D:4-7

Altars:
Kikubaaqudgha
Nemelex Xobeh

Shops:
D:3 ?


Innate Abilities, Weirdness & Mutations

Your plain brown scales are hard. (AC +5)
You cannot fit into any form of body armour.
You are cold-blooded and may be slowed by cold attacks.


Message History

An orc comes into view. It is wielding a +0 falchion.
You hear a shout!
There are monsters nearby!
An orc comes into view. It is wielding a +0 trident.
The orc shouts!
You hear a shout!
An orc wizard and an ogre come into view.
The ogre shouts!
An orc wizard comes into view. It is wielding a +0 dagger.
The orc wizard shouts! x2
You slice the orc!!
You kill the orc!
The orc wizard gestures at you while chanting.
The puff of flame hits you! The orc hits you but does no damage.
You see here a +0 short sword.
You closely miss the orc. The orc completely misses you.
The orc hits you but does no damage.
You closely miss the orc.
Your tail-slap misses the orc.
The orc misses you.
The orc wizard casts a spell.
The orc wizard flickers and vanishes!
Deactivating autopickup; reactivate with Ctrl-A.
The orc closely misses you.
You slice the orc!!
You kill the orc!
The ogre closely misses you. The orc hits you with a +0 falchion.
Something hits you but does no damage.
You closely miss something.
The orc wizard points at you and mumbles some strange words.
The magic dart hits something.
The ogre hits you with a +0 giant club! The orc barely misses you.
Something hits you.
You barely miss the orc.
Your tail-slap misses the orc.
The orc completely misses you. Something hits you but does no damage.
The ogre hits you but does no damage.
You slash the orc!
You kill the orc!
Something hits you but does no damage. The ogre hits you with a +0 giant club!
* * * LOW HITPOINT WARNING * * *
Something hits you but does no damage. The ogre hits you with a +0 giant club!
You die...

..##.. .. #.... ..
....##. ........ ..
#...# ... #...#
#.###...### # #
..........#######.###
####..#........#@Oo....#
##>..###....(#..){.....#
....#........#####......
.......###..## ......
......###...# .....
......####.## #...#
...........# ...#
#.###....#.# .## #.#
###..###..


You could see an ogre and an orc wizard.

Vanquished Creatures
  A scorpion (D:3)
  A hound (D:3)
  2 iguanas
  A hound skeleton (D:4)
  2 adders
  3 worms
  3 dart slugs
  4 orcs
  4 ball pythons
  6 endoplasms
  5 giant cockroaches
  4 goblins
  5 hobgoblins
  3 quokkas
  7 bats
  2 frilled lizards
  4 kobolds
  8 rats
65 creatures vanquished.

Notes
Turn   | Place    | Note
-------+----------+-------------------------------------------
     0 | D:1      | lonewolfV2 the Draconian Fighter began the quest for the
                  | Orb.
     0 | D:1      | Reached XP level 1. HP: 19/19 MP: 1/1
   306 | D:1      | Found a faded altar of an unknown god.
   504 | D:1      | Reached XP level 2. HP: 26/26 MP: 2/2
   936 | D:2      | Reached XP level 3. HP: 30/31 MP: 3/3
  1983 | D:3      | Reached XP level 4. HP: 24/39 MP: 4/4
  2129 | D:3      | Reached skill level 1 in Stealth
  2280 | D:3      | Found an ancient bone altar of Kikubaaqudgha.
  2281 | D:3      | Found a sparkling altar of Nemelex Xobeh.
  2541 | D:3      | Noticed a scorpion
  2549 | D:3      | Killed a scorpion
  2550 | D:3      | Reached XP level 5. HP: 16/46 MP: 5/5
  3192 | D:3      | Found Ebebel's Magic Scroll Boutique.
  3462 | D:4      | Identified the +3 ring mail of the Fiddle {Dex+4}
  3480 | D:4      | Noticed an ogre
  3489 | D:4      | Slain by an ogre

Illustrated notes

Levels and vault maps discovered:
D:1:      scummos_arrival_gate, layout_basic, basic_ecumenical_altar,
          minmay_misc_feat_room
D:2:      layout_loops_corners, serial_forest, infiniplex_forest_clump_curved,
          infiniplex_forest_lined_1, infiniplex_forest_straight_2,
          infiniplex_forest_lined_3_way, infiniplex_forest_zigzag_1,
          infiniplex_forest_lined_room_2, infiniplex_forest_lined_room_,
          minmay_distorted
D:3:      layout_basic, mainiacjoe_overflow_divided_tiny, serial_shops,
          shop_coins
D:4:      layout_cave_pools, minmay_temple_entry_arrows,
          kennysheep_big_empty_room, uniq_robin

Skill      XL: |  1  2  3  4  5 |
---------------+----------------+-----
Dodging        | 3 |  3.4
Maces & Flails | 3 4 |  4.3
Stealth        | 1 |  1.5
Fighting       | 4 |  4.1
Shields        | |  3.6

Action                   |  1- 3 |  4- 6 || total
-------------------------+-------+-------++-------
Melee: Flail             |   114 |    65 ||   179
       Tailslap          |    11 |     7 ||    18
       Lajatang          |       |     8 ||     8
  Use: Scroll            |       |     3 ||     3
 Stab: Sleeping          |     2 |       ||     2
Armor: Skin              |    45 |    36 ||    81
Dodge: Dodged            |    75 |    40 ||   115
Block: Buckler           |    28 |    11 ||    39

Table legend: (Time is in decaauts)
 A = Elapsed time spent in this place.
 B = Non-inter-level travel time spent in this place.
 C = Inter-level travel time spent in this place.
 D = Time resting spent in this place.
 E = Time spent auto-exploring this place.
 F = Levels seen in this place.
 G = Mean time per level.
                   A        B        C        D        E       F      G
               +--------+--------+--------+--------+--------+-----+--------+
         Total |   3541 |   3456 |     85 |    219 |   2591 |   4 |  885.2 |
       Dungeon |   3541 |   3456 |     85 |    219 |   2591 |   4 |  885.2 |
               +--------+--------+--------+--------+--------+-----+--------+

Top non-repeatable levels by time:
     D:3: 1624 daAuts
     D:2: 997 daAuts
     D:1: 823 daAuts
     D:4: 95 daAuts
